 Dungeon Crawl Stone Soup version 0.23.0-3-gf3c87f2 (webtiles) character file.

Game seed: 11637308286248758287

354 Monsterracer the Chopper (level 6, -2/43 HPs)
             Began as a Halfling Chaos Knight on Feb 22, 2019.
             Was a Plaything of Xom.
             Slain by a killer bee (10 damage)
             ... on level 3 of the Dungeon.
             The game lasted 00:03:10 (2379 turns).

Monsterracer the Chopper (Halfling Chaos Knight)    Turns: 2379, Time: 00:03:11

Health: -2/43      AC: 10    Str: 20    XL:     6   Next: 94%
Magic:  6/6        EV: 12    Int: 10    God:    Xom [...*..]
Gold:   117        SH:  0    Dex: 14    Spells: 5/5 levels left

rFire    . . .     SeeInvis .   a - +0 hand axe (chaos)
rCold    . . .     Gourm    .   (shield restricted)
rNeg     . . .     Faith    .   d - +0 scale mail (curse)
rPois    .         Spirit   .   (no helmet)
rElec    .         Reflect  .   b - +1 cloak {MR+}
rCorr    .         Harm     .   (no gloves)
MR       +....                  j - +0 pair of boots
Stlth    ..........             (no amulet)
HPRegen  0.14/turn              (no ring)
MPRegen  0.10/turn              (no ring)

@: mighty, hasted, very quick
A: small, mutation resistance 1
a: Renounce Religion


You were on level 3 of the Dungeon.
You worshipped Xom.
You were a favourite toy of Xom.
You were not hungry.

You visited 1 branch of the dungeon, and saw 3 of its levels.

You collected 117 gold pieces.


Innate Abilities, Weirdness & Mutations

You are small and have problems with some larger weapons.
You are somewhat resistant to further mutation.


   Skills:
 + Level 4.0 Fighting
 * Level 5.6 Axes
 + Level 3.8 Armour
 - Level 1.1 Dodging


You had 5 spell levels left.
You didn't know any spells.
Your spell library was empty.

Inventory:

Hand Weapons
 a - a +0 hand axe of chaos (weapon)
Armour
 b - a +1 cloak of magic resistance (worn)
   (You found it on level 1 of the Dungeon)
 d - a cursed +0 scale mail (worn)
   (You found it on level 1 of the Dungeon)
 j - a +0 pair of boots (worn)
   (You found it on level 1 of the Dungeon)
Scrolls
 f - 2 scrolls of identify
 g - 2 scrolls of remove curse {unknown}
 l - a scroll of fog {unknown}
 n - a scroll of random uselessness {unknown}
 p - a scroll of amnesia {unknown}
Potions
 e - 3 potions of curing
 m - a potion of magic {unknown}
Comestibles
 c - 6 rations

Dungeon Overview and Level Annotations

Branches:
Dungeon (3/15)

Altars:

########## ##########
##.........
.........######...####...
.###...................##
#####.######...####.## ##
#)# ##.## #.## .# #@# #.#
#.## .# #y# #.# #.## .##
#y# ###.# #.## $. #y#
###...#####.## y# #y#
#...........## .# .#
#l###.#.#.##.#.###
.######...##
..........##.#.# #


yyy......... .......##.##.#.### .######...## #.#####. #.#....... You could see 4
killer bees and a frilled lizard.


Message History

You feel sick.
You take 1 damage, and have 25/43 hp.
You feel sick.
You take 1 damage, and have 24/43 hp.
You feel sick.
You don't know any spells.
You start resting.
You feel sick. x7
Eating a chunk of flesh.
You eat the chunk of flesh.
This raw flesh tastes terrible.
You feel sick. x2
You are no longer poisoned.
You take 6 damage, and have 18/43 hp.
You start resting.
You feel a little less clever now.
You regained 4 hp, and now have 22/43 hp.
You start resting.
You are now a favourite toy of Xom.
You regained 15 hp, and now have 37/43 hp.
You see here a +0 club.
An orc comes into view. It is wielding a +0 morningstar.
The orc shouts!
You hear an angry buzzing noise.
Found 13 gold pieces.
You hit the orc.
You kill the orc!
Things that are here:
a +0 morningstar; a cursed +0 leather armour You hit the killer bee.
The killer bee appears confused.
The killer bee is lightly wounded.
The killer bee closely misses you. The killer bee barely misses you.
You closely miss the killer bee.
The killer bee is lightly wounded.
The killer bee buzzes angrily. x3
Health restored: 43 The killer bee buzzes angrily.
You hear an angry hiss.
Okay, then.
It was a potion of haste.
You feel yourself speed up.
The killer bee misses the killer bee.
You catch the helpless killer bee completely off-guard!
You hit the killer bee but do no damage.
The killer bee is lightly wounded.
The killer bee stings you but does no damage.
You hit the killer bee.
The killer bee is poisoned.
You feel faint for a moment.
The killer bee is moderately wounded.
The killer bee closely misses the killer bee.
You hit the killer bee.
The killer bee looks as sick as possible!
The killer bee is heavily wounded.
You kill the killer bee!
You miss the killer bee.
The killer bee stings you but does no damage.
You closely miss the killer bee.
The frilled lizard hisses angrily.
The killer bee stings you!
You are poisoned.
The killer bee poisons you!
You take 8 damage, and have 35/43 hp.
You barely miss the killer bee.
You feel sick. The killer bee barely misses you. The killer bee misses you.
You take 1 damage, and have 34/43 hp.
You miss the killer bee. The killer bee closely misses you.
You aren't carrying any items that you can evoke.
It was a potion of might.
You feel very mighty all of a sudden.
Xom thinks this is hilarious!
You feel sick.
The killer bee stings you but does no damage.
You take 1 damage, and have 34/43 hp.
Your scale mail prevents you from hitting the killer bee.
The killer bee stings you. x2
You take 6 damage, and have 28/43 hp.
You barely miss the killer bee.
You feel sick.
The killer bee stings you but does no damage.
You take 1 damage, and have 27/43 hp.
You slash the killer bee!
The killer bee goes berserk!
The killer bee is severely wounded.
The killer bee stings you but does no damage.
The killer bee barely misses you.
You closely miss the killer bee.
The killer bee is severely wounded.
The killer bee stings you!
* * * LOW HITPOINT WARNING * * *
The killer bee completely misses you.
You take 11 damage, and have 16/43 hp.
MASSIVE DAMAGE!!
You barely miss the killer bee.
The killer bee is severely wounded.
You feel sick. The killer bee stings you!
* * * LOW HITPOINT WARNING * * *
You are lethally poisoned!
The killer bee poisons you! The killer bee barely misses you.
You take 12 damage, and have 4/43 hp.
MASSIVE DAMAGE!!
You feel better. The killer bee stings you.
* * * LOW HITPOINT WARNING * * *
The killer bee barely misses you.
You regained 4 hp, and now have 8/43 hp.
You barely miss the killer bee.
The killer bee is severely wounded.
The killer bee stings you!
You die...
Xom cackles wildly!

Skill      XL: |  1  2  3  4  5 |
---------------+----------------+-----
Fighting       | 3 4 |  4.0
Axes           | 4 5 |  5.6
Armour         | 3 |  3.8
Dodging        | |  1.1

Action                   |  1- 3 |  4- 6 || total
-------------------------+-------+-------++-------
Melee: Hand axe          |   113 |   164 ||   277
  Use: Scroll            |       |     4 ||     4
       Potion            |       |     4 ||     4
 Stab: Paralysed         |     9 |     1 ||    10
       Petrified         |       |     7 ||     7
       Confused          |       |     1 ||     1
  Eat: Chunk             |       |     5 ||     5
Armor: Leather armour    |     8 |       ||     8
       Scale mail        |    49 |    60 ||   109
Dodge: Dodged            |    66 |    87 ||   153

Levels and vault maps discovered:
D:1:      scummos_arrival_simple_fountains, layout_rooms
D:2:      layout_rooms, grunt_ministairs_12
D:3:      layout_loops_ring, saegor_snake_ambush, uniq_sigmund

Notes
Turn   | Place    | Note
-------+----------+-------------------------------------------
     0 | D:1      | Monsterracer the Halfling Chaos Knight began the quest for
                  | the Orb.
     0 | D:1      | Reached XP level 1. HP: 15/15 MP: 1/1
    31 | D:1      | Reached XP level 2. HP: 12/20 MP: 2/2
   457 | D:1      | Reached XP level 3. HP: 19/26 MP: 3/3
   759 | D:2      | XOM: divination: magic mapping
   849 | D:2      | Reached skill level 4 in Axes
   906 | D:2      | XOM: harmless Necr miscast
   936 | D:2      | Reached XP level 4. HP: 31/31 MP: 4/4
  1492 | D:3      | Reached XP level 5. HP: 29/36 MP: 5/5
  1558 | D:3      | XOM: harmless Conj miscast
  1657 | D:3      | XOM: silly message
  1679 | D:3      | XOM: divination: detect items
  1802 | D:3      | XOM: harmless Tloc miscast
  1808 | D:3      | HP: 18/36 [killer bee (4)]
  1900 | D:3      | XOM: harmless Erth miscast
  1996 | D:3      | Noticed Sigmund
  1996 | D:3      | XOM: potion effect (haste)
  2003 | D:3      | Killed Sigmund
  2003 | D:3      | Reached skill level 5 in Axes
  2003 | D:3      | Reached XP level 6. HP: 43/43 MP: 6/6
  2151 | D:3      | XOM: potion effect (heal wounds)
  2152 | D:3      | XOM: potion effect (brilliance)
  2167 | D:3      | HP: 21/43 [poisoned by a killer bee]
  2172 | D:3      | HP: 20/43 [poisoned by a killer bee]
  2179 | D:3      | HP: 19/43 [poisoned by a killer bee]
  2187 | D:3      | HP: 18/43 [poisoned by a killer bee]
  2376 | D:3      | HP: 16/43 [killer bee (11)]
  2377 | D:3      | HP: 4/43 [killer bee (11)]
  2379 | D:3      | Slain by a killer bee

Vanquished Creatures
  Sigmund (D:3)
  A killer bee (D:3)
  4 adders (D:2 D:3)
  3 gnolls (D:3)
  2 worms (D:2)
  3 dart slugs (D:1 D:2)
  A leopard gecko (D:2)
  An orc (D:3)
  4 giant cockroaches (D:1 D:2)
  7 goblins (D:1 D:2 D:3)
  10 hobgoblins (D:1 D:2 D:3)
  5 quokkas (D:2 D:3)
  3 ball pythons (D:3)
  10 bats (D:1 D:2 D:3)
  3 frilled lizards (D:1 D:2)
  7 kobolds (D:1 D:2 D:3)
  15 rats (D:1 D:2 D:3)
80 creatures vanquished.

Table legend:
 A = Turns spent in this place as a percentage of turns spent in the entire game.
 B = Non-inter-level travel turns spent in this place as a percentage of non-inter-level travel turns spent in the entire game.
 C = Inter-level travel turns spent in this place as a percentage of turns spent in this place.
 D = Turns resting spent in this place as a percentage of non-inter-level travel turns spent in this place.
 E = Turns spent auto-exploring this place as a percentage of non-inter-level travel turns spent in this place.
 F = Non-inter-level travel turns spent in this place divided by the number of levels of this place that you've seen.
                   A       B       C       D       E      F
               +-------+-------+-------+-------+-------+----------------------
         Total | 100.0 | 100.0 |   0.5 |   9.6 |  64.5 | 788.7
       Dungeon | 100.0 | 100.0 |   0.5 |   9.6 |  64.5 | 788.7
               +-------+-------+-------+-------+-------+----------------------

Table legend:
 A = Non-vault XP
 B = Vault XP
 C = Vault XP percentage of total XP
 D = Non-vault monster count
 E = Vault monster count
 F = Vault count percentage of total count
                 A         B        C        D         E       F
            +---------+---------+-------+---------+---------+-------
      Total |     264 |     242 |  47.8 |      75 |       5 |   6.2
            +---------+---------+-------+---------+---------+-------
        D:1 |      33 |       0 |   0.0 |      21 |       0 |   0.0
        D:2 |      75 |       2 |   2.6 |      33 |       1 |   2.9
        D:3 |     156 |     240 |  60.6 |      21 |       4 |  16.0
            +---------+---------+-------+---------+---------+-------
